 Dungeon Sprint DCSS version 0.22.1-1-ga44c0e56f4 (webtiles) character file.

9 MuseOD the Gusty (level 2, -7/20 HPs)
             Began as a Draconian Air Elementalist on Oct 5, 2018.
             Was a Follower of Sif Muna.
             Mangled by a toenail golem (8 damage)
             ... in the Dungeon (Sprint V: "Ziggurat Sprint").
             The game lasted 00:01:28 (112 turns).

MuseOD the Gusty (Draconian Air Elementalist)        Turns: 112, Time: 00:01:28

Health: -7/20      AC:  4    Str: 16    XL:     2   Next: 3%
Magic:  6/6        EV: 13    Int: 21    God:    Sif Muna [*.....]
Gold:   0          SH:  0    Dex: 11    Spells: 5/8 levels left

rFire    . . .     SeeInvis .   w - staff of energy
rCold    . . .     Gourm    .   (no shield)
rNeg     . . .     Faith    .   (armour unavailable)
rPois    .         Spirit   .   (helmet restricted)
rElec    .         Reflect  .   (no cloak)
rCorr    .         Harm     .   (no gloves)
MR       .....     NoTele   +   (no boots)
Stlth    ++........             (no amulet)
HPRegen  0.06/turn              y - +6 ring of intelligence
MPRegen  0.10/turn              A - +6 ring of strength

@: sluggish, very slightly contaminated, invisible, very slow
A: unfitting armour, cold-blooded, AC +4
a: Divine Energy, Renounce Religion


You were in the Dungeon.
You worshipped Sif Muna.
Sif Muna was aware of your devotion.
You were not hungry.

You visited 1 branch

Inventory:

Magical Staves
 w - an uncursed staff of energy (weapon)
Jewellery
 y - a +6 ring of intelligence (left hand)
 A - a +6 ring of strength (right hand)
Wands
 t - a wand of disintegration (7)
 u - a wand of iceblast (7)
 v - a wand of acid (7)
Scrolls
 h - 4 scrolls of blinking
 n - 4 scrolls of amnesia
 o - 7 scrolls of fog
 q - 5 scrolls of identify
 r - 5 scrolls of remove curse
 s - 2 scrolls of fear
Potions
 a - 2 potions of brilliance
 c - 10 potions of curing
 d - 10 potions of heal wounds
 e - 6 potions of haste
 f - 7 potions of magic
 g - 3 potions of berserk rage
 i - a potion of invisibility
 j - 4 potions of resistance
 l - 5 potions of agility
 m - 5 potions of might
Miscellaneous
 C - a lightning rod (4/4)
Comestibles
 b - 7 rations


   Skills:
 + Level 3.4 Dodging
 + Level 3.7 Stealth
 + Level 3.5 Spellcasting
 + Level 3.2 Conjurations
 + Level 4.4 Air Magic


You had 5 spell levels left.
You knew the following spells:

 Your Spells              Type           Power        Failure   Level  Hunger
a - Shock                 Conj/Air       ###.         2%          1    None
b - Swiftness             Chrm/Air       ##......     8%          2    None

Your spell library contained the following spells:

 Spells                   Type           Power        Failure   Level  Hunger
 Static Discharge         Conj/Air       ###.....     8%          3    None
 Airstrike                Air            ###.......   21%         4    None
 Lightning Bolt           Conj/Air       ###.......   56%         5    None


Dungeon Overview and Level Annotations

Branches:
Dungeon (1/1)

Altars:
Ashenzari
Cheibriados
Dithmenos
Elyvilon
Fedhas
Gozag
Hepliaklqana
Kikubaaqudgha
Makhleb
Nemelex Xobeh
Okawaru
Qazlal
Ru
Sif Muna
Trog
Uskayaw
Vehumet
Wu Jian
Xom
Yredelemnul
Zin
The Shining One
Beogh
Jiyva
Lugonu

Annotations:
D 1 transporter


Innate Abilities, Weirdness & Mutations

Your plain brown scales are hard. (AC +4)
You cannot fit into any form of body armour.
You are cold-blooded and may be slowed by cold attacks.


Message History

The ball python hisses angrily.
You catch the helpless ball python completely off-guard!
You hit the ball python.
You kill the ball python!
Sif Muna accepts your kill. The toenail golem hits you!
* * * LOW HITPOINT WARNING * * *
The adder bites you but does no damage. The adder barely misses you.
The adder barely misses you. The adder misses you.
You see here a +2 scale mail of magic resistance.
You miss the adder. You closely miss the adder.
The adder is moderately wounded.
The adder closely misses you. The toenail golem barely misses you.
The adder hisses angrily.
You hit the adder.
The adder is heavily wounded.
The adder closely misses you. The toenail golem hits you!
You die...

▓▓▓▓▓▓▓▓▓▓▓▓▓
▓.8©8.▓.8©8.▓
▓.=S@.▓.....▓
▓...8.▓.!.}.▓
▓.....▓.....▓
▓S....▓....8▓
▓.....▓..©..▓
▓..©..▓▓▓▓▓▓▓
▓▓▓▓▓▓▓


You could see a toenail golem and 2 adders.

Vanquished Creatures
  A ball python (D)
1 creature vanquished.

Notes
Turn   | Place    | Note
-------+----------+-------------------------------------------
     0 | D        | Found the +6 Majin-Bo {vamp, Archmagi MP+6 Int+6}
     0 | D        | Found the +7 great mace "Firestarter" {inner flame, rF++}
     0 | D        | MuseOD the Draconian Air Elementalist began the quest for
                  | the Orb.
     0 | D        | Reached XP level 1. HP: 14/14 MP: 3/3
     0 | D        | Found a deep blue altar of Sif Muna.
     0 | D        | Found a sacrificial altar of Ru.
     0 | D        | Found a bloodstained altar of Trog.
     0 | D        | Found a stormy altar of Qazlal.
     0 | D        | Found an iron altar of Okawaru.
     0 | D        | Found a sparkling altar of Nemelex Xobeh.
     0 | D        | Found a blossoming altar of Fedhas.
     2 | D        | Found a transporter.
     2 | D        | Found an ancient bone altar of Kikubaaqudgha.
     2 | D        | Found a viscous altar of Jiyva.
     2 | D        | Found a corrupted altar of Lugonu.
     2 | D        | Found a hazy altar of Hepliaklqana.
     2 | D        | Found a burning altar of Makhleb.
     2 | D        | Found an opulent altar of Gozag.
    24 | D        | Became a worshipper of Sif Muna the Loreminder
    56 | D        | Reached * piety under Sif Muna
    56 | D        | Reached skill level 4 in Air Magic
    56 | D        | Reached XP level 2. HP: 20/20 MP: 3/6
    60 | D        | Learned a level 2 spell: Swiftness
    92 | D        | Entered arena 2.
    92 | D        | Noticed a toenail golem
    92 | D        | Noticed a toenail golem
    92 | D        | Found a transporter.
   101 | D        | Entered arena 3.
   101 | D        | Found a transporter.
   107 | D        | HP: 1/20 [toenail golem (9)]
   112 | D        | Mangled by a toenail golem

Skill      XL: |  1 |
---------------+----+-----
Dodging        | 3 |  3.4
Stealth        | 3 |  3.7
Spellcasting   | 3 |  3.5
Conjurations   | 3 |  3.2
Air Magic      | 4 |  4.4

Action                   || total
-------------------------++-------
Melee: Staff             ||     6
 Cast: Swiftness         ||     1
  Use: Potion            ||     2
       Scroll            ||     1
 Stab: Sleeping          ||     2
       Invisible         ||     1
Armor: Skin              ||     1
Dodge: Dodged            ||     9
